Map: Pillars of Gold LE

Players

Stats

  • Race: Protoss Protoss
  • Spawn Location: 1:00

Serral - Winner!

  • Race: Zerg Zerg
  • Spawn Location: 7:00

VOD

Have the link to the VOD?

Description

Time

  • Played on: Jan. 15, 2021, 11:23 a.m.
  • Length: 13:07
Show
View Real Time Build Order
Export as new Build Order

Stats Protoss 

Build Orders: 1 Gate Expand, Oracle Opening 

Get SALT Encoding   

  12  0:00  Probe  
  13  0:12  Probe  
  14  0:19  Pylon  
  14  0:24  Probe  
  15  0:37  Probe (Chrono Boost)  
  16  0:44  Gateway  
  16  0:47  Probe (Chrono Boost)  
  17  0:50  Assimilator  
  17  0:53  Probe  
  18  1:05  Probe  
  19  1:17  Probe  
  20  1:28  Nexus  
  20  1:39  Cybernetics Core  
  20  1:41  Probe  
  21  1:49  Assimilator  
  21  1:53  Probe  
  22  1:58  Pylon  
  22  2:05  Probe  
  23  2:13  Adept (Chrono Boost)  
  23  2:15  Warp Gate  
  23  2:17  Probe  
  26  2:29  Probe  
  27  2:32  Stargate  
  27  2:37  Stalker (Chrono Boost)  
  27  2:43  Probe (Chrono Boost)  
  30  2:45  Probe (Chrono Boost)  
  31  2:57  Probe (Chrono Boost)  
  33  3:00  Probe (Chrono Boost)  
  33  3:03  Adept, Probe (Chrono Boost)  
  36  3:06  Probe  
  36  3:10  Gateway  
  37  3:13  Probe  
  37  3:17  Oracle (Chrono Boost)  
  38  3:22  Probe  
  42  3:27  Pylon  
  42  3:30  Probe  
  43  3:34  Probe  
  44  3:44  Oracle (Chrono Boost), Probe  
  44  3:46  Pylon, Probe  
  49  3:48  Assimilator  
  49  3:55  Assimilator  
  49  3:56  Probe  
  49  3:58  Probe  
  51  4:08  Probe  
  52  4:10  Probe, Robotics Facility  
  52  4:11  Adept x2  
  57  4:20  Probe  
  57  4:21  Pylon  
  57  4:22  Probe  
  59  4:33  Nexus  
  59  4:37  Sentry  
  61  4:41  Sentry  
  61  4:42  Probe x2  
  65  4:50  Pylon  
  65  4:52  Gateway  
  65  4:56  Immortal (Chrono Boost)  
  69  5:06  Gateway  
  69  5:08  Probe x2  
  69  5:10  Sentry  
  69  5:11  Sentry  
  75  5:15  Pylon  
  75  5:27  Probe x2  
  77  5:32  Warp Prism (Chrono Boost)  
  79  5:38  Sentry  
  79  5:39  Sentry, Probe x2  
  79  5:40  Shield Battery  
  85  5:45  Probe  
  86  5:51  Probe x2  
  88  5:57  Probe  
  88  6:01  Observer (Chrono Boost)  
  90  6:08  Stalker x4  
  95  6:15  Probe x2  
  95  6:16  Probe  
  95  6:17  Pylon  
  95  6:18  Pylon x2  
  98  6:34  Probe x3  
  98  6:36  Stalker  
  98  6:37  Stalker x3  
  107  6:47  Immortal (Chrono Boost)  
  107  6:51  Forge  
  107  6:52  Twilight Council  
  111  7:01  Assimilator, Probe x3  
  114  7:03  Assimilator  
  114  7:04  Stalker  
  114  7:05  Stalker x2  
  120  7:10  Stalker  
  122  7:21  Gateway x2, Blink (Chrono Boost)  
  122  7:22  Gateway  
  122  7:23  Gateway  
  122  7:29  Pylon  
  122  7:31  Pylon, Immortal  
  122  7:35  Protoss Ground Weapons Level 1 (Chrono Boost)  
  123  7:51  Stalker x3  
  123  7:52  Stalker  
  131  8:08  Immortal (Chrono Boost)  
  135  8:18  Robotics Bay  
  127  8:22  Robotics Facility  
  123  8:29  Stalker x2  
  123  8:30  Stalker x3  
  123  8:33  Shield Battery  
  131  8:40  Stalker x3  
  127  8:54  Stalker x3  
  127  8:55  Stalker x2  
  135  9:01  Pylon  
  135  9:02  Pylon  
  133  9:04  Pylon  
  133  9:07  Disruptor (Chrono Boost)  
  133  9:09  Disruptor (Chrono Boost)  
  120  9:35  Forge  
  120  9:38  Stalker x5  
  128  9:40  Disruptor (Chrono Boost)  
  128  9:42  Gateway, Disruptor (Chrono Boost)  
  127  9:46  Gateway  
  127  9:57  Probe x2  
  127  9:58  Probe  
  120  10:15  Stalker x5  
  112  10:31  Disruptor x2  
  110  10:41  Stalker x4  
  110  10:42  Stalker  
  120  10:43  Stalker  
  116  11:11  Stalker x5  
  105  11:13  Stalker  
  109  11:38  Stalker  
  109  11:39  Stalker x4  
  119  11:41  Zealot  
  110  12:09  Stalker  
  110  12:10  Stalker x5  
  122  12:24  Nexus  
  87  12:47  Stalker x6  
Show
View Real Time Build Order
Export as new Build Order

Serral Zerg - Winner!

Build Orders: Hatch First, Swarm Host 

Get SALT Encoding   

  12  0:00  Drone  
  13  0:13  Overlord  
  13  0:18  Drone  
  14  0:31  Drone x2  
  16  0:40  Drone  
  17  0:55  Hatchery  
  16  0:57  Drone  
  16  1:01  Drone  
  18  1:07  Extractor  
  17  1:15  Spawning Pool  
  16  1:19  Drone  
  16  1:23  Drone  
  18  1:29  Drone  
  19  1:39  Drone  
  20  1:50  Overlord  
  20  2:03  Queen  
  20  2:06  Metabolic Boost  
  20  2:08  Queen  
  24  2:11  Zergling x2  
  24  2:14  Zergling x2  
  26  2:17  Drone  
  26  2:20  Drone  
  28  2:23  Drone  
  28  2:28  Drone  
  30  2:34  Drone  
  31  2:40  Drone  
  32  2:49  Hatchery  
  31  2:55  Queen  
  33  3:00  Overlord  
  33  3:03  Zergling x2  
  33  3:04  Drone  
  35  3:07  Drone  
  36  3:18  Drone x4  
  40  3:22  Overlord  
  40  3:24  Zergling x2  
  41  3:29  Spore Crawler  
  41  3:30  Queen  
  41  3:33  Drone  
  43  3:35  Drone  
  44  3:43  Zergling x2  
  44  3:44  Drone  
  44  3:46  Zergling x2, Drone  
  44  3:47  Drone x2  
  49  4:04  Spore Crawler, Drone x6  
  49  4:09  Queen  
  56  4:12  Overlord  
  56  4:15  Overlord  
  56  4:20  Zergling x4  
  58  4:33  Drone x2  
  58  4:34  Drone x4  
  58  4:37  Roach Warren  
  63  4:38  Drone  
  63  4:40  Drone x2  
  63  4:44  Overlord  
  66  4:47  Drone x2  
  66  4:49  Drone  
  69  4:53  Lair  
  69  4:57  Drone x3  
  72  5:03  Extractor  
  72  5:05  Drone  
  72  5:06  Extractor, Drone x2  
  72  5:07  Drone  
  72  5:09  Evolution Chamber  
  72  5:10  Extractor x2  
  72  5:11  Drone  
  71  5:17  Drone x3  
  71  5:21  Drone x2  
  76  5:23  Extractor  
  76  5:24  Queen  
  76  5:25  Drone x4  
  81  5:31  Drone  
  81  5:34  Overlord x2  
  81  5:36  Zerg Missile Weapons Level 1  
  81  5:38  Overlord  
  81  5:40  Drone  
  82  5:44  Spore Crawler, Drone  
  82  5:53  Glial Reconstitution  
  82  5:54  Drone x4  
  82  5:55  Overlord  
  86  5:59  Infestation Pit  
  86  6:00  Roach x3  
  89  6:07  Drone x2  
  89  6:08  Roach x2  
  89  6:09  Roach  
  97  6:15  Overlord  
  97  6:16  Roach  
  98  6:19  Roach  
  98  6:22  Ravager  
  98  6:23  Zergling x6, Roach x2  
  108  6:31  Roach x3  
  114  6:33  Overlord  
  114  6:34  Ravager x2  
  114  6:37  Overlord  
  115  6:45  Roach  
  115  6:46  Roach  
  111  6:50  Ravager x2  
  111  6:51  Roach x2  
  111  6:52  Roach x2  
  121  6:57  Roach x4  
  129  7:08  Overlord  
  129  7:09  Overlord  
  129  7:10  Overlord x2  
  129  7:27  Overlord, Swarm Host  
  129  7:28  Swarm Host x9  
  154  7:40  Overlord x3  
  154  7:41  Overlord  
  153  7:46  Roach x2  
  153  7:51  Ravager x4  
  161  7:54  Zerg Missile Weapons Level 2  
  161  7:56  Zergling x2  
  162  8:00  Hatchery  
  162  8:02  Zergling x16  
  169  8:10  Overlord  
  169  8:14  Zergling x2, Roach x2  
  169  8:15  Zergling x2, Roach  
  169  8:17  Ravager  
  176  8:26  Zergling x14  
  182  8:30  Ravager  
  182  8:32  Ravager  
  183  8:37  Zergling x2  
  183  8:38  Zergling x4  
  169  8:45  Roach x7  
  174  8:51  Roach x4  
  174  8:53  Ravager x4  
  174  8:55  Roach x2  
  190  8:59  Queen x2  
  194  9:03  Queen  
  194  9:11  Roach  
  194  9:12  Roach  
  196  9:20  Zergling x2, Overlord  
  196  9:21  Zergling x10  
  196  9:27  Baneling Nest  
  191  9:35  Ravager x3  
  191  9:36  Roach x3  
  196  9:51  Roach x8  
  189  10:01  Nydus Network  
  182  10:11  Roach x3  
  182  10:12  Roach x11  
  193  10:24  Roach x8  
  158  10:35  Roach  
  158  10:36  Roach x5  
  158  10:38  Nydus Canal  
  166  10:46  Ravager x4  
  166  10:48  Zergling x12  
  176  10:53  Zergling x2  
  176  10:54  Ravager  
  176  10:55  Nydus Canal  
  178  11:01  Zergling x6  
  129  11:12  Roach x4  
  129  11:14  Roach  
  129  11:15  Roach x8  
  129  11:18  Ravager  
  139  11:35  Roach x8  
  139  11:36  Nydus Canal  
  155  11:44  Ravager x2  
  157  11:48  Zergling x16  
  157  11:50  Ravager  
  158  12:02  Zergling x16  
  154  12:20  Ravager x7  
  159  12:23  Hatchery  
  152  12:36  Roach x7  
  149  12:47  Roach x4  
  154  12:51  Ravager x2  
  154  12:52  Ravager x2  
Tags
 
Add a new tag
Caveats
  • Supply blocks, unpowered buildings, or Contaminate may cause inaccurate times.
  • Supply counts are checked every 10 seconds.